 Dungeon Crawl Stone Soup version 0.25-a0-35-g747a2b3c0c (webtiles) character file.

Game seed: 18004022757299206020, levelgen mode: deterministic

1299 bmj180 the Digger (level 8, -5/46 HPs)
             Began as a Gargoyle Earth Elementalist on Oct 18, 2019.
             Was an Initiate of Sif Muna.
             Slain by an orc warrior
             ... wielding a +0 halberd
              (11 damage)
             ... on level 6 of the Dungeon.
             The game lasted 00:13:49 (7660 turns).

bmj180 the Digger (Gargoyle Earth Elementalist)     Turns: 7660, Time: 00:13:50

Health: -5/46      AC: 10    Str: 11    XL:     8   Next: 56%
Magic:  1/13       EV: 12    Int: 19    God:    Sif Muna [......]
Gold:   370        SH:  0    Dex: 10    Spells: 10/14 levels left

rFire    . . .     SeeInvis .   A - +0 mace
rCold    . . .     Gourm    .   (no shield)
rNeg     + . .     Faith    .   t - +0 leather armour
rPois    ∞         Spirit   .   (no helmet)
rElec    +         Reflect  .   y - +0 cloak
rCorr    .         Harm     .   (no gloves)
MR       .....                  u - +0 pair of boots
Stlth    ++........             (no amulet)
HPRegen  0.15/turn              C - ring of wizardry
MPRegen  0.13/turn              D - +1 ring of slaying

@: no status effects
A: negative energy resistance 1, electricity resistance, unbreathing,
petrification resistance, rot immunity, AC +5
a: Renounce Religion


You were on level 6 of the Dungeon.
You worshipped Sif Muna.
Sif Muna was noncommittal.
You were not hungry.

You visited 2 branches of the dungeon, and saw 7 of its levels.

You collected 370 gold pieces.

Inventory:

Hand Weapons
 s - a +0 flail
 A - a +0 mace (weapon)
 F - a +3 quarterstaff of chaos
Missiles
 b - 118 stones (quivered)
 q - 34 poisoned darts
 B - 2 curare-tipped darts
Armour
 c - a +0 robe
 m - a +0 ring mail
 t - a +0 leather armour (worn)
 u - a +0 pair of boots (worn)
 y - a +0 cloak (worn)
 E - a +1 scale mail of fire resistance
Jewellery
 h - a +4 amulet of reflection {unknown}
 n - an uncursed ring of protection from magic
 C - a ring of wizardry (left hand)
 D - a +1 ring of slaying (right hand)
Wands
 G - a wand of digging (8)
Scrolls
 d - a scroll of blinking {unknown}
 f - 4 scrolls of enchant armour {unknown}
 i - 4 scrolls of magic mapping {unknown}
 k - a scroll of fog {unknown}
 l - 5 scrolls of identify {unknown}
 o - a scroll of teleportation {unknown}
 p - 2 scrolls of enchant weapon {unknown}
 r - 3 scrolls of fear {unknown}
 v - a scroll of amnesia {unknown}
Potions
 a - 4 potions of lignification {unknown}
 g - a potion of magic {unknown}
 j - a potion of resistance {unknown}
 w - a potion of brilliance {unknown}
 x - a potion of flight {unknown}
 z - a potion of degeneration {unknown}
Comestibles
 e - 7 rations
 H - a chunk of flesh


   Skills:
 * Level 3.4 Fighting
 * Level 4.0 Maces & Flails
 + Level 1.7 Armour
 * Level 3.1 Dodging
 + Level 3.0 Stealth
 + Level 3.7 Spellcasting
 * Level 3.4 Conjurations
   Level 0.7 Transmutations
 * Level 6.7 Earth Magic
 * Level 1.5 Invocations
 * Level 1.2 Evocations


You had 10 spell levels left.
You knew the following spells:

 Your Spells              Type           Power        Failure   Level  Hunger
a - Sandblast             Erth           ####..       1%          1    None
b - Stone Arrow           Conj/Erth      ###...       2%          3    ###....

Your spell library contained the following spells:

 Spells                   Type           Power        Failure   Level  Hunger
 Passwall                 Tmut/Erth      ###.....     2%          2    ##.....
 Lee's Rapid Deconstruct  Erth           ####......   13%         5    ######.
 Petrify                  Tmut/Erth      ###.....     16%         4    ####...


Dungeon Overview and Level Annotations

Branches:
Dungeon (6/15)             Temple (1/1) D:6

Altars:
Ashenzari
Cheibriados
Dithmenos
Elyvilon
Fedhas
Gozag
Hepliaklqana
Kikubaaqudgha
Makhleb
Nemelex Xobeh
Okawaru
Qazlal
Ru
Sif Muna
Trog
Uskayaw
Vehumet
Wu Jian
Xom
Yredelemnul
Zin
The Shining One

Annotations:
D:5 1 runed translucent door, runewalsh's ghost, amateur OpWz


Innate Abilities, Weirdness & Mutations

You are resistant to torment.
Your stone body is resilient. (AC +5)
You are immune to poison.
You resist negative energy. (rN+)
You are resistant to electric shocks. (rElec)
You can survive without breathing.
You are immune to petrification.
You are immune to rotting.


Message History

The orc warrior is heavily wounded.
b - 118 stones The orc warrior closely misses you.
The orc warrior closely misses you.
You hit the orc warrior but do no damage.
The orc warrior is heavily wounded.
The orc warrior hits you with a +0 halberd!
You hit the orc warrior but do no damage.
The orc warrior is heavily wounded.
The orc warrior hits you with a +0 halberd!!
You barely miss the orc warrior.
The orc warrior is heavily wounded.
The orc warrior hits you with a +0 halberd!
* * * LOW HITPOINT WARNING * * *
You hit the orc warrior but do no damage.
The orc warrior is heavily wounded.
The orc warrior closely misses you.
Unknown command.
The orc warrior hits you from afar with a +0 halberd!
You die...

..######## ..# ..#
..# ###### ..#
####r...# ..#
#...'.##.# ..#
#.#.#.##.# ### #..
..#Zo..#
###########@##
#......#.....#
#.#..#.#.#.#.#
#..##..#..#..#
#..##..#.#.#.#
###.#..#.'.....#
####........#######
)...)########
####.#


You could see an orc warrior and an adder skeleton.

Vanquished Creatures
  Menkaure (D:4)
  2 phantoms
  A centaur (D:5)
  A big kobold (Temple)
  A bullfrog (D:6)
  A scorpion (D:5)
  A howler monkey (D:5)
  A wight (D:6)
  2 crimson imps
  A bullfrog zombie (D:6)
  2 hounds
  Crazy Yiuf (D:6)
  2 bullfrog skeletons
  An orc wizard (D:6)
  An iguana (D:6)
  4 worker ants
  A hound skeleton (D:5)
  A howler monkey zombie (D:6)
  A worker ant zombie (D:5)
  7 gnolls (D:5)
  7 adders
  A shadow imp (D:5)
  An adder skeleton (D:4)
  An adder zombie (D:5)
  A worm (D:2)
  2 leopard geckos
  8 orcs
  7 bats
  5 giant cockroaches
  13 hobgoblins
  15 kobolds
  A quokka (D:6)
  3 ball pythons
  4 frilled lizards
  10 goblins
  A quokka skeleton (D:6)
  5 rats
118 creatures vanquished.

Notes
Turn   | Place    | Note
-------+----------+-------------------------------------------
     0 | D:1      | bmj180 the Gargoyle Earth Elementalist began the quest for
                  | the Orb.
     0 | D:1      | Reached XP level 1. HP: 10/10 MP: 3/3
   324 | D:1      | Reached XP level 2. HP: 15/15 MP: 3/5
   366 | D:1      | Reached skill level 4 in Earth Magic
   684 | D:1      | Reached XP level 3. HP: 11/20 MP: 4/6
  1114 | D:1      | You fall into a shaft and drop 1 floor!
  1206 | D:2      | Learned a level 3 spell: Stone Arrow
  1511 | D:2      | Reached skill level 1 in Maces & Flails
  1972 | D:2      | Reached XP level 4. HP: 24/24 MP: 5/7
  2178 | D:2      | Reached skill level 1 in Fighting
  3838 | D:4      | Reached XP level 5. HP: 29/29 MP: 0/8
  4016 | D:4      | Reached skill level 1 in Conjurations
  4380 | D:4      | Reached skill level 5 in Earth Magic
  4414 | D:4      | Reached XP level 6. HP: 35/35 MP: 6/10
  4459 | D:4      | Noticed Menkaure
  4464 | D:4      | Killed Menkaure
  4465 | D:4      | Reached skill level 1 in Armour
  4983 | D:5      | Entered Level 5 of the Dungeon
  5064 | D:5      | Reached XP level 7. HP: 40/40 MP: 4/11
  5208 | D:5      | Found a runed translucent door.
  5214 | D:5      | Noticed runewalsh's ghost (amateur OpWz)
  5252 | D:5      | Found a sparkling altar of Nemelex Xobeh.
  5252 | D:5      | Found a hide-covered altar of Uskayaw.
  5253 | D:5      | Found a snail-covered altar of Cheibriados.
  5329 | D:5      | Found a radiant altar of Vehumet.
  5405 | D:5      | Found an opulent altar of Gozag.
  5407 | D:5      | Found a glowing golden altar of the Shining One.
  5744 | D:5      | Reached skill level 6 in Earth Magic
  5750 | D:5      | Found an opulent altar of Gozag.
  5925 | D:5      | Reached XP level 8. HP: 20/46 MP: 8/13
  6427 | D:6      | Found a staircase to the Ecumenical Temple.
  6482 | Temple   | Entered the Ecumenical Temple
  6620 | Temple   | Became a worshipper of Sif Muna the Loreminder
  6913 | D:6      | Reached skill level 1 in Invocations
  7005 | D:6      | Found a runed translucent door.
  7006 | D:6      | Noticed Crazy Yiuf
  7012 | D:6      | Killed Crazy Yiuf
  7229 | D:6      | Reached skill level 1 in Evocations
  7660 | D:6      | Slain by an orc warrior

Levels and vault maps discovered:
D:1:      nicolae_arrival_washed_ashore, layout_basic, hex_large
D:2:      layout_basic, first_ration, grunt_decor_arrowhead,
          minmay_misc_feat_tower
D:3:      kennysheep_big_flooded_room, layout_loops_corners
D:4:      layout_rooms, uniq_menkaure
D:5:      layout_loops_ring, grunt_temple_overflow_open,
          nicolae_overflow_crystal_walls, nicolae_overflow_hidden_temple,
          basic_altar, ebering_ghost_reflecting_pool
D:6:      minmay_clustersquares, layout_basic, minmay_temple_entry_sparse_star,
          uniq_crazy_yiuf_cottage
Temple:   eino_temple_scatter_basement

Skill      XL: |  1  2  3  4  5  6  7  8 |
---------------+-------------------------+-----
Earth Magic    | 4 5 6 |  6.7
Maces & Flails | 1 2 3 4 |  4.0
Dodging        | 2 3 |  3.1
Fighting       | 1 2 3 |  3.4
Conjurations   | 1 2 3 |  3.4
Armour         | 1 |  1.7
Spellcasting   | 3 |  3.7
Stealth        | 3 |  3.0
Invocations    | 1 |  1.5
Evocations     | 1 |  1.2
Transmutations | |  0.7

Action                   |  1- 3 |  4- 6 |  7- 9 || total
-------------------------+-------+-------+-------++-------
Melee: Unarmed           |     7 |       |       ||     7
       Club              |    31 |       |       ||    31
       Whip              |    90 |   104 |       ||   194
       Mace              |       |    34 |   173 ||   207
 Cast: Sandblast         |    10 |    56 |    44 ||   110
       Stone Arrow       |       |     1 |    11 ||    12
 Stab: Sleeping          |     3 |     1 |     1 ||     5
  Eat: Chunk             |     4 |     9 |     3 ||    16
       Ration            |       |     1 |     1 ||     2
Armor: Robe              |    30 |    43 |       ||    73
       Leather armour    |       |    40 |    97 ||   137
Dodge: Dodged            |    80 |   139 |   127 ||   346

Table legend:
 A = Non-vault XP
 B = Vault XP
 C = Vault XP percentage of total XP
 D = Non-vault monster count
 E = Vault monster count
 F = Vault count percentage of total count
                 A         B        C        D         E       F
            +---------+---------+-------+---------+---------+-------
      Total |    1438 |     418 |  22.5 |     109 |       9 |   7.6
            +---------+---------+-------+---------+---------+-------
        D:1 |      47 |       0 |   0.0 |      26 |       0 |   0.0
        D:2 |      87 |       0 |   0.0 |      20 |       0 |   0.0
        D:3 |      17 |       5 |  22.7 |      10 |       2 |  16.7
        D:4 |     252 |     172 |  40.6 |      16 |       1 |   5.9
        D:5 |     638 |       0 |   0.0 |      19 |       0 |   0.0
        D:6 |     297 |     241 |  44.8 |      17 |       6 |  26.1
     Temple |     100 |       0 |   0.0 |       1 |       0 |   0.0
            +---------+---------+-------+---------+---------+-------
